 Dungeon Crawl Stone Soup version 0.29-a0-356-g7bc237e783 (webtiles) character file.

Game seed: 8041807372637733771

4 spaghetti the Slasher (level 1, 10/16 HPs)
             Began as an Octopode Chaos Knight on Apr 26, 2022.
             Was a Plaything of Xom.
             Quit the game on level 1 of the Dungeon.
             The game lasted 00:00:43 (158 turns).

spaghetti the Slasher (Octopode Chaos Knight)        Turns: 158, Time: 00:00:44

Health: 10/16      AC:  1    Str: 11    XL:     1   Next: 70%
Magic:  1/1        EV: 13    Int: 14    God:    Xom [..*...]
Gold:   27         SH:  0    Dex: 11    Spells: 0/0 levels left

rFire   . . .      SeeInvis .   a - +0 falchion (chaos) {long}
rCold   . . .      Faith    .   (no shield)
rNeg    . . .      Spirit   .   (helmet restricted)
rPois   .          Reflect  .   (no amulet)
rElec   .          Harm     .   (no ring)
rCorr   .          Rampage  .   (no ring)
Will    .....                   (no ring)
Stlth   ++........              (no ring)
HPRegen 0.05/turn               (no ring)
MPRegen 0.07/turn               (no ring)
                                (no ring)
                                (no ring)

@: no status effects
A: almost no armour, amphibious, 8 rings, camouflage 1, gelatinous body 1,
(nimble swimmer 1), tentacles
a: Renounce Religion


You were on level 1 of the Dungeon.
You worshipped Xom.
You were a toy of Xom.
You visited 1 branch of the dungeon, and saw 1 of its levels.

You collected 27 gold pieces.


Innate Abilities, Weirdness & Mutations

You cannot wear most types of armour.
You are amphibious.
You can wear up to eight rings at the same time.
Your skin changes colour to match your surroundings (Stealth+).
Your rubbery body absorbs attacks. (AC +1, EV +1)
((You are camouflaged when in or above water. (Stealth+)))
You have tentacles for arms and can constrict up to eight enemies at once.


   Skills:
 - Level 3.0 Fighting
 - Level 3.0 Long Blades
 + Level 2.8 Dodging


You couldn't memorise any spells.
You didn't know any spells.
Your spell library was empty.

Inventory:

Hand Weapons
 a - a +0 falchion of chaos (weapon) {long}
Scrolls
 c - a scroll of fear {unknown}
 d - a scroll of magic mapping {unknown}
 e - a scroll of holy word {unknown}
Potions
 f - 2 potions of resistance {unknown}
Miscellaneous
 b - a piece from Xom's chessboard (15/15) (quivered)

Dungeon Overview and Level Annotations

Branches:
Dungeon (1/15)

Altars:

.. .# ### .# ...
..... .#.# #....
โˆ† h..#.#. ###
#...## ###K......
..#
#.......#ยง@hh...#
#.#
#....#..#.#######
#.# .....#.##.#
#.# #.##.#.##.#
#.# #.##.#.##.#
#.####.#..#.##.#
#...........##.#
#.######.#..##.#
#.# #....>##'####


You could see 3 jackals and a kobold.


Message History

Found a scroll labelled QUIREUDUMM and a dagger.
Found a staircase leading out of the dungeon.
c - a scroll labelled QUIREUDUMM You open the large door.
There is a large open door here.
You now have 17 gold pieces.
Key pressed, stopping explore.
Found a stone staircase leading down.
A quokka comes into view.
Xom smirks.
You detect items!
There is a stone staircase leading down here.
A rat and a bat come into view.
The bat barely misses you.
You hit the quokka but do no damage. You grab the quokka.
You constrict the quokka. The bat hits you but does no damage.
The quokka completely misses you.
You hit the quokka but do no damage. You constrict the quokka.
The bat misses you. The quokka closely misses you.
The quokka barely misses you.
You slash the quokka!
You kill the quokka!
The bat barely misses you. The bat hits you.
The bat closely misses you. ๐Ÿ˜• HP[-1]
You take 1 damage, and now have 15/16 hp.
You are too injured to fight recklessly!
You are too injured to fight recklessly!
You are too injured to fight recklessly!
You are too injured to fight recklessly!
You are too injured to fight recklessly!
You are too injured to fight recklessly!
You are too injured to fight recklessly!
You are too injured to fight recklessly!
You are too injured to fight recklessly!
You are too injured to fight recklessly!
You are too injured to fight recklessly!
You are too injured to fight recklessly!
You are too injured to fight recklessly!
You are too injured to fight recklessly!
You are too injured to fight recklessly!
You are too injured to fight recklessly!
You are too injured to fight recklessly!
Unknown command.
The bat hits you. ๐Ÿ˜• HP[-1]
You take 1 damage, and now have 14/16 hp.
You closely miss the bat. Your grab misses the bat.
Your squeeze misses the bat. The bat barely misses you.
The bat hits you but does no damage. The rat bites you but does no damage.
You hit the bat.
You kill the bat!
The rat bites you. ๐Ÿ˜ฎ HP[-2]
You take 2 damage, and now have 12/16 hp.
You hit the rat. You freeze the rat.
You kill the rat!
Key pressed, stopping explore.
Key pressed, stopping explore.
d - a scroll labelled JACRUC EHIUVYQO ๐Ÿ˜Ž HP[+4]
Your hp is fully restored (16).
e - a scroll labelled WOFOUFF BEYDEL You now have 27 gold pieces (gained 10).
You open the door.
There is an open door here.
f - 2 sapphire potions An endoplasm and a jackal come into view.
There are monsters nearby!
There are monsters nearby!
There are monsters nearby!
There are monsters nearby!
A jackal comes into view.
The jackal barks!
You hear a bark!
The jackal barks!
A kobold comes into view. It is wielding a +0 dagger.
The kobold shouts!
A jackal comes into view.
The endoplasm quivers.
You hit the endoplasm but do no damage.
The kobold throws a stone.
The stone barely misses you.
The endoplasm hits you but does no damage.
The endoplasm freezes you.
You are frozen.
You are too injured to fight recklessly! ๐Ÿ˜ฎ HP[-4]
You take 4 damage, and now have 12/16 hp.
MASSIVE DAMAGE!! (PAUSE)
You slash the endoplasm! You burn the endoplasm.
You kill the endoplasm!
The jackal closely misses you. The kobold barely misses you.
You closely miss the jackal. Your grab misses the jackal.
You squeeze the jackal. The jackal bites you.
The kobold closely misses you. ๐Ÿ˜ฎ HP[-1]
You take 1 damage, and now have 11/16 hp.
You miss the jackal. Your grab misses the jackal. The jackal misses you.
The kobold hits you with a +0 dagger.
You emit a cloud of colourful smoke! ๐Ÿ˜ฎ HP[-1]
You take 1 damage, and now have 10/16 hp.
Are you sure you want to abandon this character and quit the game? (Confirm with "yes".)

Action                   || total
-------------------------++-------
Melee: Falchion          ||    10
       Constrict         ||     1
       Tentacles         ||     1
Armor: Skin              ||     4
Dodge: Dodged            ||    13

Levels and vault maps discovered:
D:1:      lemuel_arrival_behind_the_door_large, layout_basic

Notes
Turn   | Place    | Note
-------+----------+-------------------------------------------
     0 | D:1      | spaghetti the Octopode Chaos Knight began the quest for the
                  | Orb.
     0 | D:1      | Reached XP level 1. HP: 16/16 MP: 1/1
     0 | D:1      | magus.rc [v1.9.6]
    34 | D:1      | XOM: divination: detect items
   157 | D:1      | XOM: smoke on damage
   158 | D:1      | Quit the game

Vanquished Creatures
  A bat (D:1)
  An endoplasm (D:1)
  A quokka (D:1)
  A rat (D:1)
4 creatures vanquished.

Table legend:
 A = Non-vault XP
 B = Vault XP
 C = Vault XP percentage of total XP
 D = Non-vault monster count
 E = Vault monster count
 F = Vault count percentage of total count
                 A         B        C        D         E       F
            +---------+---------+-------+---------+---------+-------
      Total |       7 |       0 |   0.0 |       4 |       0 |   0.0
            +---------+---------+-------+---------+---------+-------
        D:1 |       7 |       0 |   0.0 |       4 |       0 |   0.0
            +---------+---------+-------+---------+---------+-------

Illustrated notes

Table legend:
 A = Kills in this place as a percentage of kills in entire the game.
 B = Kills by you in this place as a percentage of kills by you in the entire game.
 C = Kills by friends in this place as a percentage of kills by friends in the entire game.
 D = Other kills in this place as a percentage of other kills in the entire game.
 E = Experience gained in this place as a percentage of experience gained in the entire game.
 F = Experience gained in this place divided by the number of levels of this place that you have seen.
                   A       B       C       D       E      F
               +-------+-------+-------+-------+-------+----------------------
         Total | 100.0 | 100.0 |   N/A |   N/A | 100.0 |   7.0
       Dungeon | 100.0 | 100.0 |   N/A |   N/A | 100.0 |   7.0
               +-------+-------+-------+-------+-------+----------------------

Table legend: (Time is in decaauts)
 A = Elapsed time spent in this place.
 B = Non-inter-level travel time spent in this place.
 C = Inter-level travel time spent in this place.
 D = Time resting spent in this place.
 E = Time spent auto-exploring this place.
 F = Levels seen in this place.
 G = Mean time per level.
                   A        B        C        D        E       F      G
               +--------+--------+--------+--------+--------+-----+--------+
         Total |    159 |    159 |      0 |      0 |    134 |   1 |  159.0 |
       Dungeon |    159 |    159 |      0 |      0 |    134 |   1 |  159.0 |
               +--------+--------+--------+--------+--------+-----+--------+

Top non-repeatable levels by time:
     D:1: 159 daAuts
